 Dungeon Crawl Stone Soup version 0.30-a0-190-g22c9a3c0ff (webtiles) character file.

Game seed: 5420643698963609385

22 Angani the Vexing (level 2, 0/14 HPs)
             Began as a Vine Stalker Hexslinger on Oct 4, 2022.
             Was a Believer of Lugonu.
             Slain by a gnoll
             ... wielding a +0 halberd
              (9 damage)
             ... on level 2 of the Dungeon.
             The game lasted 00:02:07 (820 turns).

Angani the Vexing (Vine Stalker Hexslinger)          Turns: 820, Time: 00:02:08

Health: 0/14       AC:  5    Str: 12    XL:     2   Next: 91%
Magic:  0/5        EV: 12    Int: 13    God:    Lugonu [**....]
Gold:   39         SH:  0    Dex: 14    Spells: 3/4 levels left

rFire   . . .      SeeInvis .    a - +1 sling
rCold   . . .      Faith    .    (no shield)
rNeg    . . .      Spirit   +    c - +0 robe
rPois   .          Reflect  .    (no helmet)
rElec   .          Harm     .    (no cloak)
rCorr   .          Rampage  .    (no gloves)
Will    .....                    g - +2 pair of boots {Stlth+}
Stlth   ++........               (no amulet)
HPRegen 0.22/turn                (no ring)
MPRegen 0.09/turn                (no ring)

@: no status effects
A: fangs 2, magic shield, antimagic bite, no potion heal 2
a: Renounce Religion, Depart the Abyss, Bend Space


You were on level 2 of the Dungeon.
You worshipped Lugonu.
Lugonu was pleased with you.
You visited 1 branch of the dungeon, and saw 2 of its levels.

You collected 39 gold pieces.

Inventory:

Hand Weapons
 a - a +1 sling (weapon)
Armour
 c - a +0 robe (worn)
 g - a +2 pair of boots of stealth (worn)
Scrolls
 b - a scroll of poison
 d - a scroll of summoning {unknown}
 f - a scroll of immolation {unknown}
 i - a scroll of teleportation {unknown}
Potions
 e - 2 potions of might {unknown}
 h - a potion of flight {unknown}


   Skills:
 - Level 0.8 Fighting
 + Level 2.2 Ranged Weapons
 - Level 1.5 Dodging
 + Level 1.7 Spellcasting
 + Level 3.3 Hexes
 * Level 0.4 Invocations


You had 3 spell levels left.
You knew the following spells:

 Your Spells              Type           Power      Damage    Failure   Level
a - Slow                  Hex            36%        N/A       7%          1

Your spell library contained the following spells:

 Spells                   Type           Power      Damage    Failure   Level
 Inner Flame              Hex/Fire       5%         N/A       36%         3
 Portal Projectile        Hex/Tloc       10%        N/A       36%         3
 Cause Fear               Hex            4%         N/A       54%         4


Dungeon Overview and Level Annotations

Branches:
Dungeon (2/15)

Altars:
Lugonu


Innate Abilities, Weirdness & Mutations

You have extremely sharp teeth.
When hurt, damage is shared between your health and your magic reserves.
Your bite disrupts and absorbs the magic of your enemies.
Potions cannot restore your health.


Message History

No target in view!
Things that are here:
a +0 dagger; a goblin corpse
Found a stone staircase leading down.
A ball python comes into view.
You shoot a sling bullet. The sling bullet hits the ball python.
You kill the ball python!
Lugonu accepts your kill.
No target in view!
No target in view!
A frilled lizard comes into view.
You shoot a sling bullet. The frilled lizard hisses angrily.
The sling bullet hits the frilled lizard!
You kill the frilled lizard!
Lugonu accepts your kill.
No target in view!
There is an abandoned shop here.
There is a corrupted altar of Lugonu here.
i - a scroll labelled YXTEQE HOTTE
There is a stone staircase leading down here.
Done exploring.
Done exploring.
There is a stone staircase leading down here.
Unknown command.
Okay, then.
You climb downwards.
The gnoll shouts! x3
Found a scroll labelled BEYKKITOUC and a mace.
Found a stone staircase leading up and a stone staircase leading down.
There is a stone staircase leading up here.
Okay, then.
You climb upwards.
There is a stone staircase leading down here.
There is a stone staircase leading down here.
You climb downwards.
The gnoll closely misses you.
There is a stone staircase leading up here.
The gnoll hits you with a +0 whip! The gnoll hits you with a +0 halberd!
Ouch! That really hurt!
You die...

#......####.
####..........
............#
#.........#
#.........#
#....<..g.#
#.....?...#
##....Bgg##
#......@..#
#.........#
#.........#
#.>........#
..........##
#..........
.........#.#
.#...###.#.#


You could see 3 gnolls and a giant cockroach.

Vanquished Creatures
  2 bats (D:1)
  6 endoplasms (D:1)
  3 goblins (D:1)
  A hobgoblin (D:1)
  A quokka (D:1)
  3 ball pythons (D:1)
  2 frilled lizards (D:1)
  A kobold (D:1)
19 creatures vanquished.

Notes
Turn   | Place    | Note
-------+----------+-------------------------------------------
     0 | D:1      | Angani the Vine Stalker Hexslinger began the quest for the
                  | Orb.
     0 | D:1      | Reached XP level 1. HP: 9/9 MP: 3/3
   238 | D:1      | Reached XP level 2. HP: 5/14 MP: 1/5
   355 | D:1      | Found a faded altar of an unknown god.
   375 | D:1      | Prayed at the altar of an unknown god.
   375 | D:1      | Became a worshipper of Lugonu the Unformed
   375 | D:1      | Reached * piety under Lugonu
   375 | D:1      | Reached ** piety under Lugonu
   820 | D:2      | Slain by a gnoll

Illustrated notes

Levels and vault maps discovered:
D:1:      amcnicky_arrival_flooded_fountain, layout_loops_ring,
          ebering_ecumenical_altar_abandoned
D:2:      layout_rooms, serial_shops, nicolae_lakefront_shop, shop,
          shop_fountains

Skill      XL: |  1 |
---------------+----+-----
Ranged Weapons | 2 |  2.2
Fighting       | |  0.8
Dodging        | |  1.5
Spellcasting   | |  1.7
Hexes          | |  3.3
Invocations    | |  0.4

Action                   || total
-------------------------++-------
 Fire: Sling             ||    54
 Cast: Slow              ||     3
Armor: Robe              ||     5
Dodge: Dodged            ||    11

Table legend: (Time is in decaauts)
 A = Elapsed time spent in this place.
 B = Non-inter-level travel time spent in this place.
 C = Inter-level travel time spent in this place.
 D = Time resting spent in this place.
 E = Time spent auto-exploring this place.
 F = Levels seen in this place.
 G = Mean time per level.
                   A        B        C        D        E       F      G
               +--------+--------+--------+--------+--------+-----+--------+
         Total |    837 |    774 |     63 |     53 |    592 |   2 |  418.5 |
       Dungeon |    837 |    774 |     63 |     53 |    592 |   2 |  418.5 |
               +--------+--------+--------+--------+--------+-----+--------+

Top non-repeatable levels by time:
     D:1: 833 daAuts
     D:2: 3 daAuts
